 Dungeon Crawl Stone Soup version 0.27-a0-906-g0a00ce863d (webtiles) character file.

Game seed: 17638677698642724439

8000 kae the Cleaver (level 11, -1/99 HPs)
             Began as a Hill Orc Fighter on Apr 6, 2021.
             Was a Believer of Qazlal.
             Slain by a vampire
             ... wielding a +0 dagger
              (11 damage)
             ... on level 9 of the Dungeon.
             The game lasted 00:08:42 (16216 turns).

kae the Cleaver (Hill Orc Fighter)                 Turns: 16216, Time: 00:08:42

Health: -1/99      AC:  9    Str: 23    XL:     11   Next: 24%
Magic:  17/17      EV: 10    Int:  8    God:    Qazlal [**....]
Gold:   1595       SH:  0    Dex: 10    Spells: 10/10 levels left

rFire    . . .     SeeInvis +   d - +2 battleaxe (venom)
rCold    . . .     Faith    .   (shield currently unavailable)
rNeg     . . .     Spirit   .   b - +0 scale mail
rPois    .         Reflect  .   (no helmet)
rElec    .         Harm     .   n - +0 cloak
rCorr    .         Rampage  .   (no gloves)
Will     .....                  (no boots)
Stlth    ..........             (no amulet)
HPRegen  0.26/turn              f - ring of see invisible
MPRegen  0.15/turn              (no ring)

@: confused
A: no striking features
a: Renounce Religion, Upheaval


You were on level 9 of the Dungeon.
You worshipped Qazlal.
Qazlal was pleased with you.
You visited 2 branches of the dungeon, and saw 10 of its levels.

You collected 1812 gold pieces.
You spent 217 gold pieces at shops.

Inventory:

Hand Weapons
 a - a +1 war axe
 d - a +2 battleaxe of venom (weapon)
Armour
 b - a +0 scale mail (worn)
 c - a +0 kite shield
 n - a +0 cloak (worn)
Jewellery
 f - a ring of see invisible (left hand)
 u - a ring of positive energy
 x - the ring "Xuwnack" {*Corrode rC+ Str+6 Dex+2}
   (You found it on level 9 of the Dungeon)

   [ring of strength]

   It affects your strength (+6).
   It affects your dexterity (+2).
   It protects you from cold.
   It may corrode you when you take damage.
Scrolls
 i - 2 scrolls of fog
 k - 3 scrolls of enchant armour
 l - a scroll of teleportation
 o - 2 scrolls of amnesia
 p - 2 scrolls of magic mapping
 q - a scroll of identify
Potions
 e - 2 potions of lignification
 g - 2 potions of brilliance
 h - 2 potions of degeneration
 j - a potion of flight
 m - 2 potions of heal wounds
 r - a potion of magic
 s - 3 potions of attraction
 t - a potion of invisibility
 v - a potion of ambrosia
 w - a potion of berserk rage {unknown}


   Skills:
 + Level 10.0 Fighting
 * Level 14.0 Axes
 + Level 9.2 Armour
 - Level 3.2 Shields
 + Level 9.1 Invocations


You had 10 spell levels left.
You didn't know any spells.
Your spell library contained the following spells:

 Spells                   Type           Power      Damage    Failure   Level
 Animate Skeleton         Necr           0%         N/A       67%         1
 Beastly Appendage        Tmut           0%         N/A       67%         1
 Pain                     Necr           0%         1d4       67%         1
 Sandblast                Erth           0%         2d4       67%         1
 Passwall                 Tmut/Erth      0%         N/A       82%         2
 Wereblood                Tmut           0%         N/A       82%         2
 Spider Form              Tmut/Pois      0%         N/A       96%         3
 Stone Arrow              Conj/Erth      0%         3d7       96%         3
 Vampiric Draining        Necr           0%         2d6       96%         3
 Animate Dead             Necr           0%         N/A       100%        4
 Ice Form                 Ice/Tmut       0%         N/A       100%        4
 Petrify                  Tmut/Erth      0%         N/A       100%        4
 Agony                    Necr           0%         N/A       100%        5
 Hydra Form               Tmut           0%         N/A       100%        5
 Lee's Rapid Deconstruct  Erth           0%         3d5*      100%        5


Dungeon Overview and Level Annotations

Branches:
Dungeon (9/15)             Temple (1/1) D:5            Lair (0/6) D:9
    Orc: D:9-12

Altars:
Ashenzari
Cheibriados
Dithmenos
Elyvilon
Gozag
Hepliaklqana
Kikubaaqudgha
Makhleb
Okawaru
Qazlal
Ru
Sif Muna
Trog
Vehumet
Wu Jian
Xom
Yredelemnul
Zin
The Shining One

Shops:
D:4 (   D:8 (

Annotations:
D:9 1 runed translucent door


Message History

Your Axes skill increases to level 14!
You slash the steam dragon!
The steam dragon looks as sick as possible!
The steam dragon is heavily wounded.
You barely miss the black bear.
The black bear bites you but does no damage.
The black bear closely misses you.
The black bear claws you but does no damage.
The steam dragon bites you but does no damage.
The steam dragon claws you but does no damage.
The orc warrior hits you from afar with a +0 halberd!
* * * LOW HITPOINT WARNING * * *
You barely miss the steam dragon.
The steam dragon is severely wounded.
You hit the black bear.
The black bear is poisoned.
You closely miss the vampire.
The vampire is engulfed in freezing vapours.
The vampire points at itself and mumbles some strange words.
The vampire flickers and vanishes for a moment.
The black bear bites you.
* * * LOW HITPOINT WARNING * * *
The black bear claws you but does no damage. x2
The steam dragon breathes steam at you. The ball of steam hits you.
* * * LOW HITPOINT WARNING * * *
The orc warrior hits you from afar with a +0 halberd.
* * * LOW HITPOINT WARNING * * *
You slice the steam dragon!!
You kill the steam dragon!
Qazlal accepts your kill.
You hit the black bear. You hit the vampire. The black bear bites you.
* * * LOW HITPOINT WARNING * * *
The black bear barely misses you.
The black bear claws you but does no damage.
The vampire gestures at you while chanting.
You are confused.
The orc warrior hits you from afar with a +0 halberd!
* * * LOW HITPOINT WARNING * * *
The vampire hits you with a +0 dagger!
You die...

##################.######
#...........)............
#...........)).......####
###################..#
#..# #..#
##################..#
.....>.h.§§.........####
...P...@§§§...).........
......oV##########......
......♣.o #.#####
.......... #.#
..........# #.#
..♣...♣.... #.# .
.........# #.#
..>.......# #.#
#######h#####


You could see a vampire (invisible), an orc warrior, a black bear (very
poisoned) and an orc.

Vanquished Creatures
  Erica (D:8)
  Pikel (D:7)
  A cyclops (D:8)
  Joseph (D:7)
  Grinder (D:6)
  Prince Ribbit (D:5)
  A hornet (D:8)
  3 wyverns
  3 yaks
  Grum (D:8)
  A basilisk (D:9)
  A steam dragon (D:9)
  5 water moccasins
  6 orc warriors
  A sky beast (D:7)
  An ogre (D:6)
  A black bear (D:9)
  2 wolves
  3 centaurs
  2 phantoms (D:6)
  A kobold brigand (D:7)
  3 bullfrogs
  A gnoll sergeant (D:6)
  A wyvern zombie (D:7)
  2 scorpions
  A water moccasin zombie (D:6)
  14 killer bees (D:9)
  9 wights
  2 howler monkeys (D:6)
  A crimson imp (D:6)
  A bullfrog zombie (D:5)
  3 centaur zombies
  Crazy Yiuf (D:2)
  3 hounds
  A jelly (D:5)
  A centaur skeleton (D:7)
  3 orc priests
  Terence (D:2)
  3 orc wizards
  An iguana (D:6)
  2 howler monkey zombies
  11 gnolls
  A howler monkey skeleton (D:6)
  6 adders
  An ufetubus (D:7)
  4 dart slugs
  31 orcs
  5 bats
  7 endoplasms
  4 giant cockroaches
  3 goblins
  5 hobgoblins
  12 jackals
  5 quokkas
  3 ball pythons
  4 frilled lizards
  A goblin zombie (D:6)
  3 hobgoblin zombies (D:6)
  10 kobolds
  3 orc zombies (D:6)
  A rat (D:3)
212 creatures vanquished.

Vanquished Creatures (others)
  3 bushes (D:9)
  8 fungi
  21 plants (D:9)
32 creatures vanquished.

Grand Total: 244 creatures vanquished

Notes
Turn   | Place    | Note
-------+----------+-------------------------------------------
     0 | D:1      | kae the Hill Orc Fighter began the quest for the Orb.
     0 | D:1      | Reached XP level 1. HP: 19/19 MP: 1/1
   214 | D:1      | Reached skill level 3 in Axes
   410 | D:1      | Reached XP level 2. HP: 27/27 MP: 2/2
   450 | D:1      | Found a faded altar of an unknown god.
  1013 | D:2      | Reached XP level 3. HP: 33/33 MP: 3/3
  1134 | D:2      | Noticed Terence
  1137 | D:2      | Killed Terence
  1138 | D:2      | Reached skill level 4 in Axes
  1138 | D:2      | Reached XP level 4. HP: 28/40 MP: 4/4
  2001 | D:2      | Found a runed translucent door.
  2002 | D:2      | Noticed Crazy Yiuf
  2008 | D:2      | Killed Crazy Yiuf
  2009 | D:2      | Reached skill level 5 in Axes
  2009 | D:2      | Reached XP level 5. HP: 15/47 MP: 5/5
  4098 | D:4      | Reached XP level 6. HP: 52/55 MP: 6/6
  4099 | D:4      | Reached skill level 5 in Fighting
  4120 | D:4      | Found Fiococex's Weapon Shoppe.
  4124 | D:4      | Reached skill level 6 in Axes
  4834 | D:5      | Entered Level 5 of the Dungeon
  4971 | D:5      | Reached skill level 7 in Axes
  4971 | D:5      | Reached skill level 5 in Armour
  4971 | D:5      | Reached XP level 7. HP: 31/61 MP: 7/7
  5144 | D:5      | Found a staircase to the Ecumenical Temple.
  5150 | D:5      | Noticed Prince Ribbit
  5177 | Temple   | Entered the Ecumenical Temple
  5751 | Temple   | Became a worshipper of Qazlal Stormbringer
  5994 | D:5      | Killed Prince Ribbit
  5995 | D:5      | Reached skill level 1 in Invocations
  6519 | D:5      | Found a basalt altar of Yredelemnul.
  6678 | D:5      | Identified a scroll of acquirement
  6678 | D:5      | Acquired 1073 gold pieces
  6716 | D:4      | Bought a +2 battleaxe of venom for 217 gold pieces
  7669 | D:6      | Reached skill level 8 in Axes
  8063 | D:5      | Found a basalt altar of Yredelemnul.
  8332 | D:6      | Reached XP level 8. HP: 50/70 MP: 9/9
  9303 | D:6      | Noticed Grinder
  9317 | D:6      | Killed Grinder
  9318 | D:6      | Reached skill level 9 in Axes
  9750 | D:6      | Found a glowing golden altar of the Shining One.
 10336 | D:7      | Reached skill level 10 in Axes
 10336 | D:7      | Reached XP level 9. HP: 76/79 MP: 12/12
 10388 | D:7      | Noticed Pikel
 10397 | D:7      | Killed Pikel
 10398 | D:7      | Reached skill level 5 in Invocations
 10698 | D:7      | Noticed Joseph
 10714 | D:7      | Killed Joseph
 10715 | D:7      | Reached skill level 11 in Axes
 11510 | D:7      | Reached * piety under Qazlal
 11608 | D:7      | Found a burning altar of Makhleb.
 11610 | D:7      | Found a glowing silver altar of Zin.
 11610 | D:7      | Noticed an angel
 11611 | D:7      | Noticed a blizzard demon
 11761 | D:7      | Reached XP level 10. HP: 81/90 MP: 13/15
 12047 | D:8      | Noticed Grum
 12076 | D:7      | Reached skill level 12 in Axes
 12707 | D:8      | Killed Grum
 12773 | D:8      | Noticed Erica
 12810 | D:8      | Killed Erica
 13442 | D:8      | Found Diduirphi's Antique Weapon Shop.
 13563 | D:8      | Noticed a cyclops
 13571 | D:8      | Killed a cyclops
 13867 | D:9      | Reached skill level 13 in Axes
 14100 | D:9      | Found a radiant altar of Vehumet.
 14853 | D:9      | HP: 3/91 [poisoned by a killer bee]
 14858 | D:9      | Reached ** piety under Qazlal
 15091 | D:9      | Reached XP level 11. HP: 77/99 MP: 17/17
 16099 | D:9      | Identified the ring "Xuwnack" {*Corrode rC+ Str+6 Dex+2}
 16132 | D:9      | Found a runed translucent door.
 16199 | D:9      | Found a staircase to the Lair.
 16213 | D:9      | Reached skill level 10 in Fighting
 16213 | D:9      | Reached skill level 14 in Axes
 16216 | D:9      | Slain by a vampire

Illustrated notes

Levels and vault maps discovered:
D:1:      amcnicky_arrival_underground_garden, layout_basic,
          basic_ecumenical_altar
D:2:      layout_basic, uniq_terence, uniq_crazy_yiuf_cottage
D:3:      layout_loops_ring, minivault_25
D:4:      layout_basic, serial_shops, shop
D:5:      layout_basic, lemuel_zombie_altar_yredelemnul,
          minmay_temple_entry_drinking_statues, uniq_prince_ribbit1
D:6:      layout_gridville, nicolae_tso_besieged_by_evil, minivault_11,
          skrybe_limestone_x, kennysheep_donut, uniq_grinder
D:7:      layout_rooms, grunt_temple_overflow_order_and_chaos_2,
          grunt_decor_junction, uniq_pikel, uniq_joseph
D:8:      layout_basic, serial_shops, shop_coins, minmay_crystal_room,
          uniq_erica, uniq_grum
D:9:      layout_long_grid, overflow_temple_1_default, minmay_lair_entry_grove,
          david_orc_4, st_stairs_8, minmay_misc_feat_hallway,
          lightli_church_of_beogh
Temple:   eino_narrow_crystal_temple

Skill      XL: |  1  2  3  4  5  6  7  8  9 10 11 |
---------------+----------------------------------+-----
Axes           | 3 4 5 7 8 10 11 13 14 | 14.0
Fighting       | 4 5 6 7 8 9 10 | 10.0
Armour         | 4 5 6 7 8 9 |  9.2
Invocations    | 2 4 6 8 9 |  9.1
Shields        | |  3.2

Action                   |  1- 3 |  4- 6 |  7- 9 | 10-12 || total
-------------------------+-------+-------+-------+-------++-------
Melee: War axe           |    80 |   219 |    94 |       ||   393
       Battleaxe         |       |       |   119 |   231 ||   350
  Use: Scroll            |       |       |    14 |     8 ||    22
       Potion            |       |       |     1 |     7 ||     8
Armor: Scale mail        |    32 |    97 |    81 |   109 ||   319
Dodge: Dodged            |    27 |    70 |    81 |   157 ||   335
Block: Kite shield       |    45 |   135 |    62 |       ||   242
       Other             |       |       |       |    11 ||    11

Table legend: (Time is in decaauts)
 A = Elapsed time spent in this place.
 B = Non-inter-level travel time spent in this place.
 C = Inter-level travel time spent in this place.
 D = Time resting spent in this place.
 E = Time spent auto-exploring this place.
 F = Levels seen in this place.
 G = Mean time per level.
                   A        B        C        D        E       F      G
               +--------+--------+--------+--------+--------+-----+--------+
         Total |  16449 |  16024 |    425 |   3677 |  10504 |  10 | 1644.9 |
       Dungeon |  15658 |  15253 |    405 |   3236 |  10183 |   9 | 1739.8 |
        Temple |    790 |    770 |     20 |    441 |    321 |   1 |  790.0 |
               +--------+--------+--------+--------+--------+-----+--------+

Top non-repeatable levels by time:
     D:7: 2264 daAuts
     D:5: 2262 daAuts
     D:4: 2248 daAuts
     D:9: 2029 daAuts
     D:6: 1603 daAuts
     D:8: 1599 daAuts
     D:2: 1341 daAuts
     D:3: 1336 daAuts
     D:1: 972 daAuts
  Temple: 790 daAuts
